 Dungeon Crawl Stone Soup version 0.27-a0-1200-g94dc6ad4cf (webtiles) character file.

Game seed: 10829605602514535419

333 freelancePsychic the Skirmisher (level 6, -4/57 HPs)
             Began as a Minotaur Abyssal Knight on May 31, 2021.
             Was a Priest of Lugonu.
             Slain by a steam dragon (8 damage)
             ... on level 4 of the Dungeon.
             The game lasted 00:06:11 (4942 turns).

freelancePsychic the Skirmisher (MiAK)              Turns: 4942, Time: 00:06:11

Health: -4/57      AC:  6    Str: 18    XL:     6   Next: 27%
Magic:  6/6        EV:  9    Int:  9    God:    Lugonu [***...]
Gold:   129        SH:  0    Dex: 10    Spells: 5/5 levels left

rFire    + . .     SeeInvis .   k - +0 broad axe
rCold    . . .     Faith    .   (no shield)
rNeg     . . .     Spirit   .   g - +0 scale mail
rPois    .         Reflect  .   (helmet restricted)
rElec    .         Harm     .   (no cloak)
rCorr    .         Rampage  .   (no gloves)
Will     .....                  (no boots)
Stlth    ..........             d - amulet of the acrobat
HPRegen  0.19/turn              m - ring of protection from fire
MPRegen  0.10/turn              (no ring)

@: no status effects
A: horns 2, retaliatory headbutt
a: Renounce Religion, Depart the Abyss, Bend Space, Banish


You were on level 4 of the Dungeon.
You worshipped Lugonu.
Lugonu was most pleased with you.
You visited 1 branch of the dungeon, and saw 4 of its levels.
You visited the Abyss 1 time.

You collected 129 gold pieces.

Inventory:

Hand Weapons
 a - a +1 spear
 i - a +0 whip of draining
 k - a +0 broad axe (weapon)
Armour
 b - a +0 leather armour
 g - a +0 scale mail (worn)
Jewellery
 d - an amulet of the acrobat (around neck)
 m - a ring of protection from fire (left hand)
Scrolls
 c - 3 scrolls of teleportation {@r4}
 e - 2 scrolls of immolation
Potions
 f - a potion of heal wounds {@q2}
 h - 4 potions of curing {@q1}
 j - a potion of lignification {unknown}
 l - a potion of flight {unknown}
 n - a potion of mutation {unknown}


   Skills:
 + Level 5.7 Fighting
 * Level 3.9(5.2) Axes
 - Level 5.3(5.9) Polearms
 - Level 2.4 Armour
 - Level 1.1 Dodging
 - Level 1.7 Invocations


You had 5 spell levels left.
You didn't know any spells.
Your spell library was empty.

Dungeon Overview and Level Annotations

Branches:
Dungeon (4/15)
 Temple: D:4-7

Altars:
Trog


Innate Abilities, Weirdness & Mutations

You have a pair of horns on your head.
You reflexively headbutt those who attack you in melee.


Message History

You are too injured to fight recklessly!
You are too injured to fight recklessly!
You completely miss the steam dragon.
The steam dragon is heavily wounded.
You hit the quokka. The quokka bites you.
The steam dragon bites you but does no damage.
The steam dragon claws you.
The quokka bites you but does no damage.
You slash the steam dragon!
The steam dragon is severely wounded.
You closely miss the quokka. The steam dragon bites you.
The steam dragon claws you but does no damage.
The quokka barely misses you. You furiously retaliate!
You headbutt the quokka.
You kill the quokka!
Lugonu accepts your kill. The steam dragon breathes steam at you.
The ball of steam hits you! You resist.
You closely miss the steam dragon.
The steam dragon is severely wounded.
You hit the hound. The hound closely misses you. The steam dragon bites you!
* * * LOW HITPOINT WARNING * * *
The steam dragon claws you but does no damage.
The hound barely misses you.
You hit the steam dragon. Your headbutt misses the steam dragon.
The steam dragon is almost dead.
You hit the hound.
The hound is engulfed in a cloud of scalding steam.
The hound bites you.
* * * LOW HITPOINT WARNING * * *
The steam dragon barely misses you. x2
The hound is engulfed in a cloud of scalding steam.
The hound barely misses you.
You barely miss the steam dragon.
The steam dragon is almost dead.
You miss the hound. The hound closely misses you.
The steam dragon breathes steam at you. The ball of steam hits you. You resist.
* * * LOW HITPOINT WARNING * * *
The hound bites you but does no damage. The steam dragon bites you!
You die...

#.######>...................
.......†.##...#######.#.####
.........# .... #.#.#
.........# ... #.#.#
.........# .. #.#.#
.........# . #.#.#
.........########## #.#.#
........§.h§....... ..#.#
.......:§§.@...## ###+#
.........†.D...# ...
.........?.....# ...
...............# )..
##...###......... ... #...
#......### .. #.. #......#
#......# ###..... ###


You could see a steam dragon (catching breath) and a hound.

Vanquished Creatures
  A bullfrog skeleton (D:3)
  A centaur skeleton (D:4)
  Natasha (D:3)
  An orc wizard (D:3)
  A hound skeleton (D:4)
  5 adders
  7 gnolls
  3 worms (D:2)
  A dart slug (D:2)
  2 orcs (D:3)
  9 endoplasms
  A giant cockroach (D:3)
  8 hobgoblins
  7 jackals
  A quokka (D:4)
  15 ball pythons
  4 bats
  2 frilled lizards (D:3)
  3 goblins
  16 kobolds
  9 rats
98 creatures vanquished.

Vanquished Creatures (others)
  A kobold (D:4)
1 creature vanquished.

Grand Total: 99 creatures vanquished

Notes
Turn   | Place    | Note
-------+----------+-------------------------------------------
     0 | Abyss:1  | freelancePsychic the Minotaur Abyssal Knight began the
                  | quest for the Orb.
     0 | Abyss:1  | Reached XP level 1. HP: 19/19 MP: 1/1
    72 | Abyss:1  | Noticed a wretched star
    73 | D:1      | Escaped the Abyss
   156 | D:1      | Reached XP level 2. HP: 10/21 MP: 2/2
   682 | D:1      | Found a faded altar of an unknown god.
   733 | D:1      | Reached * piety under Lugonu
  1420 | D:2      | Reached XP level 3. HP: 5/26 MP: 3/3
  1852 | D:2      | Found a bloodstained altar of Trog.
  2404 | D:2      | Reached XP level 4. HP: 27/32 MP: 4/4
  2738 | D:3      | Reached ** piety under Lugonu
  2857 | D:3      | Reached skill level 5 in Polearms
  3277 | D:3      | Reached XP level 5. HP: 23/47 MP: 5/5
  3280 | D:3      | Reached skill level 5 in Fighting
  3280 | D:3      | Reached skill level 1 in Axes
  4559 | D:3      | Noticed Natasha
  4565 | D:3      | Killed Natasha
  4566 | D:3      | Reached XP level 6. HP: 46/56 MP: 6/6
  4771 | D:4      | Reached *** piety under Lugonu
  4929 | D:4      | Noticed a steam dragon
  4942 | D:4      | Slain by a steam dragon

Illustrated notes

Levels and vault maps discovered:
D:1:      minmay_arrival_plants_in_alcoves, layout_loops_corners,
          hellmonk_ecumenical_altar_zigzags, serial_co_window_serial,
          co_window_cross_1, co_window_paths_a, co_window_of_opportunity_a,
          co_window_paths_a, co_window_of_opportunity_a, co_window_broadway_c,
          co_window_paths_c, co_window_broadway_b, glass_columns_a,
          glass_columns_b, glass_columns_c, minmay_misc_feat_tower
D:2:      layout_loops_ring, basic_altar, grunt_ministairs_9,
          minmay_shallow_snake_nest
D:3:      layout_basic, minmay_goblin_kobold_house, uniq_natasha
D:4:      minmay_goblin_kobold_castle, layout_basic

Skill      XL: |  1  2  3  4  5 |
---------------+----------------+-----
Polearms       | 3 4 5 |  5.3
Fighting       | 4 5 |  5.7
Axes           | 3 |  3.9
Armour         | |  2.4
Dodging        | |  1.1
Invocations    | |  1.7

Action                   |  1- 3 |  4- 6 || total
-------------------------+-------+-------++-------
Melee: Spear             |    94 |    27 ||   121
       Headbutt          |     9 |    22 ||    31
       Broad axe         |       |   104 ||   104
       Halberd           |       |     8 ||     8
Throw: Throwing net      |     3 |     1 ||     4
Invok: Depart the Abyss  |     1 |       ||     1
  Use: Scroll            |       |     6 ||     6
Armor: Scale mail        |    16 |    56 ||    72
       Leather armour    |     4 |       ||     4
Dodge: Dodged            |    34 |    94 ||   128

Table legend: (Time is in decaauts)
 A = Elapsed time spent in this place.
 B = Non-inter-level travel time spent in this place.
 C = Inter-level travel time spent in this place.
 D = Time resting spent in this place.
 E = Time spent auto-exploring this place.
 F = Levels seen in this place.
 G = Mean time per level.
                   A        B        C        D        E       F      G
               +--------+--------+--------+--------+--------+-----+--------+
         Total |   4971 |   4839 |    132 |    921 |   3392 |   5 |  994.2 |
       Dungeon |   4898 |   4766 |    132 |    921 |   3320 |   4 | 1224.5 |
         Abyss |     73 |     73 |      0 |      0 |     72 |   1 |   73.0 |
               +--------+--------+--------+--------+--------+-----+--------+

Top non-repeatable levels by time:
     D:3: 1678 daAuts
     D:2: 1625 daAuts
     D:1: 1317 daAuts
     D:4: 276 daAuts
 Abyss:1: 73 daAuts
